 Dungeon Crawl Stone Soup version 0.19.0-1-g5985abe (webtiles) character file.

64 varam the Digger (level 4, 24/24 HPs)
             Began as a Gargoyle Earth Elementalist on Nov 2, 2016.
             Quit the game on level 2 of the Dungeon.
             The game lasted 00:04:39 (1664 turns).

varam the Digger (Gargoyle Earth Elementalist)      Turns: 1664, Time: 00:04:40

Health: 24/24      AC:  5    Str: 12    XL:     4   Next: 12%
Magic:  5/8        EV: 12    Int: 16    God:
Gold:   96         SH:  0    Dex: 10    Spells: 3 memorised, 2 levels left

rFire  . . .     SeeInvis .     b - 64 stones
rCold  . . .     Gourm    .     c - +0 robe
rNeg   + . .     Faith    .     (no shield)
rPois  ∞         Spirit   .     (no helmet)
rElec  +         Reflect  .     (no cloak)
rCorr  .         Harm     .     (no gloves)
MR     .....                    (no boots)
Stlth  ++........               (no amulet)
                                (no ring)
                                (no ring)

@: no status effects
A: negative energy resistance 1, electricity resistance, unbreathing,
petrification resistance, rot immunity, AC +3
a: no special abilities


You were on level 2 of the Dungeon.
You were not hungry.

You visited 1 branch of the dungeon, and saw 2 of its levels.

You collected 96 gold pieces.

Inventory:

Hand Weapons
 f - a +0 club
Missiles
 b - 64 stones (in hand)
Armour
 c - a +0 robe (worn)
Jewellery
 a - an uncursed amulet of the gourmand {unknown}
Wands
 m - a wand of teleportation (2/9)
Scrolls
 g - a scroll of identify {unknown}
 j - a scroll of fear {unknown}
Potions
 h - a potion of agility {unknown}
 i - a potion of invisibility {unknown}
 k - a potion of mutation {unknown}
 n - a potion of might {unknown}
Books
 e - a book of Geomancy

   Spells                             Type                      Level
   a - Sandblast                      Earth                        1
   b - Passwall                       Transmutation/Earth          2
   c - Stone Arrow                    Conjuration/Earth            3
   d - Petrify                        Transmutation/Earth          4
   e - Lee's Rapid Deconstruction     Earth                        5
Comestibles
 d - a bread ration
 l - 6 chunks of flesh


   Skills:
 - Level 1.5 Dodging
 - Level 2.1 Stealth
 + Level 2.7 Spellcasting
 - Level 0.7 Transmutations
 * Level 5.2 Earth Magic


You had 2 spell levels left.
You knew the following spells:

 Your Spells              Type           Power        Failure   Level  Hunger
a - Sandblast             Erth           ###...       2%          1    #......
b - Stone Arrow           Conj/Erth      ##....       21%         3    ###....
c - Passwall              Tmut/Erth      ##........   10%         2    ##.....


Dungeon Overview and Level Annotations

Branches:
Dungeon (2/15)

Altars:


Innate Abilities, Weirdness & Mutations

You are resistant to torment.
Your stone body is resilient. (AC +3)
You are immune to poison.
You resist negative energy. (rN+)
You are resistant to electric shocks. (rElec)
You can survive without breathing.
You are immune to petrification.
You are immune to rotting.


Message History

You have reached level 4!
You feel stronger.
Unknown command.
Unknown command.
You butcher the adder corpse.
l - 6 chunks of flesh (gained 1)
A kobold comes into view. It is wielding a club.
You see here a helmet.
A kobold is nearby!
A kobold is nearby!
Unknown command.
Casting: Sandblast
Confirm with . or Enter, or press ? or * to list all spells.
Aiming: Sandblast
Press: ? - help, Shift-Dir - straight line, f - kobold
Aim: a kobold, wielding a club (resting)
The rocky blast hits the kobold.
You kill the kobold!
Unknown command.
Are you sure you want to abandon this character and quit the game? (Confirm with "yes".)

.............. #.#
..........#..# #.#
.######...#..# #.#
.######....... ...
[........#÷#.. #.#
.#####........ #.##.#
##..#...# +...)#
#..#...#
#@#########..#...#
#............##..#
#.####..##........
######.####..##...###.#
..............##...###.#
######........<.........
#..###.............
#...........#........
...........###....#.#.


There were no monsters in sight!

Vanquished Creatures
  2 adders (D:2)
  A dart slug (D:2)
  A leopard gecko (D:1)
  2 ball pythons (D:1)
  2 giant cockroaches (D:1)
  8 hobgoblins
  3 jackals (D:2)
  A quokka (D:2)
  5 bats
  3 frilled lizards
  3 goblins (D:1)
  5 kobolds
  7 rats (D:1)
43 creatures vanquished.

Notes
Turn   | Place    | Note
-------+----------+-------------------------------------------
     0 | D:1      | varam the Gargoyle Earth Elementalist began the quest for the Orb.
     0 | D:1      | Reached XP level 1. HP: 10/10 MP: 3/3
   149 | D:1      | Reached skill level 4 in Earth Magic
   336 | D:1      | Reached XP level 2. HP: 15/15 MP: 3/5
   924 | D:1      | Reached XP level 3. HP: 19/19 MP: 3/6
   929 | D:1      | Learned a level 3 spell: Stone Arrow
   995 | D:1      | Learned a level 2 spell: Passwall
  1517 | D:2      | Reached skill level 5 in Earth Magic
  1654 | D:2      | Reached XP level 4. HP: 24/24 MP: 5/8
  1664 | D:2      | Quit the game

Skill      XL: |  1  2  3 |
---------------+----------+-----
Earth Magic    | 4 5 |  5.2
Dodging        | |  1.5
Stealth        | |  2.1
Spellcasting   | |  2.7
Transmutations | |  0.7

Action                   |  1- 3 |  4- 6 || total
-------------------------+-------+-------++-------
Melee: Club              |    44 |       ||    44
 Cast: Sandblast         |    54 |     2 ||    56
 Stab: Sleeping          |     3 |       ||     3
  Eat: Chunk             |     3 |       ||     3
Armor: Robe              |    18 |       ||    18
Dodge: Dodged            |    54 |       ||    54
